 Dungeon Crawl Stone Soup version 0.14-a0-181-gf6fe0c6 (webtiles) character file.

1239 Malachi the Jinx (level 8, -7/53 HPs)
             Began as a Vampire Enchanter on Oct 6, 2013.
             Shot with an arrow by a centaur warrior (13 damage)
             ... on Level 4 of the Dungeon.
             The game lasted 00:10:37 (8055 turns).

Malachi the Jinx (Vampire Enchanter)                Turns: 8055, Time: 00:10:37

HP  -7/53        AC  3     Str  7      XL: 8   Next:  6%
MP   3/15        EV 14     Int 19      God:
Gold 182         SH  0     Dex 14      Spells:  3 memorised,  5 levels left

Res.Fire  : . . .   See Invis. : +   f - +0,+2 short sword (distort) (curse)
Res.Cold  : + + .   Warding    : .   b - +1 robe (curse)
Life Prot.: + + +   Conserve   : .   (no shield)
Res.Poison: +       Res.Corr.  : .   (no helmet)
Res.Elec. : .       Clarity    : .   (no cloak)
Sust.Abil.: . .     Spirit.Shd : .   (no gloves)
Res.Mut.  : .       Stasis     : .   (no boots)
Res.Rott. : +       Flight     : .   (no amulet)
Saprovore : . . .                    (no ring)
                                     p - ring of positive energy

@: regenerating slowly, somewhat resistant to hostile enchantments, very
stealthy
A: bottle blood, fangs 3, see invisible, unbreathing
a: Bat Form, Bottle Blood


You were on level 4 of the Dungeon.
You were near bloodless.

You visited 1 branch of the dungeon, and saw 5 of its levels.

You collected 162 gold pieces.

Inventory:

Hand weapons
 a - a +1,+1 dagger
 f - a cursed +0,+2 short sword of distortion (weapon)
Missiles
 d - 12 darts (quivered)
Armour
 b - a cursed +1 robe (worn)
Magical devices
 r - a wand of magic darts (12) {unknown}
Scrolls
 g - 4 scrolls of remove curse {unknown}
 h - 4 scrolls of identify
 j - a scroll of fog {unknown}
 k - a scroll of curse armour
 m - a scroll of fear
Jewellery
 p - a ring of positive energy (left hand)
Potions
 e - a potion of flight {unknown}
 i - a potion of magic {unknown}
 l - 4 potions of curing {unknown}
 n - a potion of slowing {unknown}
 q - 4 potions of poison {unknown}
 t - a potion of restore abilities {unknown}
 u - a potion of confusion {unknown}
Books
 c - a book of Maledictions

   Spells                             Type                      Level
   *Corona                            Hexes                        1
   Sure Blade                         Hexes/Charms                 2
   *Ensorcelled Hibernation           Hexes/Ice                    2
   *Confuse                           Hexes                        3
   Enslavement                        Hexes                        4
   Invisibility                       Hexes                        6
 o - a book of Battle

   Spells                             Type                      Level
   Infusion                           Charms                       1
   Shroud of Golubria                 Charms/Translocation         2
   Song of Slaying                    Charms                       2
   Spectral Weapon                    Hexes/Charms                 3
   Regeneration                       Charms/Necromancy            3
   Song of Shielding                  Charms                       4


   Skills:
 + Level 1.1 Fighting
 + Level 2.9 Short Blades
 + Level 0.7 Throwing
 + Level 4.2 Dodging
 + Level 6.9 Stealth
 - Level 2.0 Spellcasting
 * Level 10.0 Hexes
 + Level 2.2 Ice Magic


You had 5 spell levels left.
You knew the following spells:

 Your Spells              Type           Power        Failure   Level  Hunger
a - Corona                Hex            #####..      1%          1    #......
b - Ensorcelled Hibernat  Hex/Ice        ####..       1%          2    ##.....
c - Confuse               Hex            #####...     1%          3    ####...


Dungeon Overview and Level Annotations

Branches:
Dungeon (5/27)
 Temple: D:4-7

Altars:
Okawaru


Innate Abilities, Weirdness & Mutations

You heal slowly.
You can bottle blood from corpses.
You have razor-sharp teeth.*
You have supernaturally acute eyesight.
You can survive without breathing.*


Message History

The centaur warrior easily resists.
The centaur warrior hits you.
* * * LOW HITPOINT WARNING * * *
The centaur warrior closely misses you.
Casting: Confuse
Confirm with . or Enter, or press ? or * to list all spells.
Aiming: Confuse
Press: ? - help, Shift-Dir - straight line, f/p - centaur warrior
Aim: a centaur warrior (lightly wounded)
The centaur warrior easily resists.
The centaur warrior hits you.
* * * LOW HITPOINT WARNING * * *
Casting: Confuse
Confirm with . or Enter, or press ? or * to list all spells.
Aiming: Confuse
Press: ? - help, Shift-Dir - straight line, f/p - centaur warrior
Aim: a centaur warrior (lightly wounded)
The centaur warrior resists.
The centaur warrior barely misses you. The centaur warrior misses you.
The centaur warrior wields an uncursed bow.
The centaur warrior shoots an arrow.
The arrow hits you!
You die...

#.#####.### #.
#.......#.############.
#.#####.#..............
#.#.....#.############.
######.#.....#.# #.
#......#####O#.### #.
#..........c.....## #.
#......##.........# #.
######......#...@......# #.
............#..........#########.
............#....................
............##..........#######..
............##..........#........
............##.>........#.######.
.....#......##..........#.#<.....
........######..........#.#####..
........# #....[.......#........


You could see a centaur warrior and an ogre.

Vanquished Creatures
  5 ogres (D:4)
  Sigmund (D:3)
  An orc priest (D:3)
  An orc wizard (D:4)
  4 scorpions (D:4)
  3 worker ants
  5 adders
  5 gnolls
  3 worms
  A giant eyeball (D:4)
  A giant gecko (D:3)
  7 orcs
  4 bats
  3 giant cockroaches
  6 hobgoblins
  5 jackals (D:4)
  7 kobolds
  A quokka (D:4)
  4 training dummies (D:2)
  2 ball pythons
  A giant newt (D:1)
  20 goblins
  7 rats
97 creatures vanquished.

Vanquished Creatures (others)
  The ghost of CrazyColobok the Covered, an average MiFi of Fedhas (D:4)
  2 hobgoblins
  A kobold (D:1)
4 creatures vanquished.

Grand Total: 101 creatures vanquished

Notes
Turn   | Place    | Note
--------------------------------------------------------------
     0 | D:1      | Malachi, the Vampire Enchanter, began the quest for the Orb.
     0 | D:1      | Reached XP level 1. HP: 13/13 MP: 4/4
    82 | D:1      | Reached skill level 5 in Hexes
    82 | D:1      | Reached XP level 2. HP: 17/19 MP: 5/5
    88 | D:1      | Learned a level 2 spell: Ensorcelled Hibernation
   322 | D:1      | Reached XP level 3. HP: 13/24 MP: 6/6
  1124 | D:2      | Found an iron altar of Okawaru.
  1507 | D:3      | Reached skill level 6 in Hexes
  1637 | D:3      | Reached XP level 4. HP: 28/30 MP: 5/8
  2054 | D:3      | Noticed Sigmund
  2125 | D:3      | Reached XP level 5. HP: 11/35 MP: 9/9
  2566 | D:3      | Killed Sigmund
  2566 | D:3      | Reached skill level 5 in Stealth
  3199 | D:4      | Reached skill level 1 in Fighting
  3199 | D:4      | Reached skill level 1 in Ice Magic
  3199 | D:4      | Reached XP level 6. HP: 41/41 MP: 8/11
  3265 | D:4      | Noticed an ogre
  3913 | D:4      | Reached skill level 7 in Hexes
  4247 | D:4      | Learned a level 3 spell: Confuse
  5181 | D:4      | Noticed CrazyColobok's ghost (average MiFi)
  5235 | D:4      | Noticed an ogre
  5261 | D:4      | Banished CrazyColobok's ghost
  5261 | D:4      | Reached XP level 7. HP: 37/46 MP: 1/13
  5312 | D:4      | Reached skill level 8 in Hexes
  5682 | D:4      | Killed an ogre
  5709 | D:4      | Reached skill level 9 in Hexes
  6330 | D:4      | Noticed an ogre
  6400 | D:4      | Killed an ogre
  6400 | D:4      | Reached skill level 10 in Hexes
  6400 | D:4      | Reached XP level 8. HP: 53/53 MP: 8/15
  7067 | D:4      | Noticed a centaur warrior
  7067 | D:4      | HP: 2/53 [centaur warrior/arrow (18)]
  7068 | D:5      | Entered Level 5 of the Dungeon
  8055 | D:4      | Shot with an arrow by a centaur warrior

Action                   |  1- 3 |  4- 6 |  7- 9 || total
-------------------------+-------+-------+-------++-------
Melee: Short sword       |    75 |    83 |    76 ||   234
       Dagger            |     3 |       |       ||     3
 Cast: Ensorcelled Hiber |     3 |    23 |    10 ||    36
       Confuse           |       |    10 |    23 ||    33
 Abil: End Transformatio |       |     1 |     1 ||     2
       Bat Form          |       |     1 |     1 ||     2
  Use: Scroll            |       |     9 |       ||     9
 Stab: Sleeping          |     5 |    13 |    10 ||    28
       Confused          |       |     2 |     1 ||     3
